 Dungeon Crawl Stone Soup version 0.27-a0-1359-ga2a4dfd6fd (webtiles) character file.

Game seed: 17688527788103386181

220 sanka the Magician (level 6, -4/43 HPs)
             Began as a Djinni Artificer on June 28, 2021.
             Killed by nerve-wracking pain
             ... invoked by Grinder
              (5 damage)
             ... on level 4 of the Dungeon.
             The game lasted 00:05:06 (5118 turns).

sanka the Magician (Djinni Artificer)               Turns: 5118, Time: 00:05:07

Health: -4/43      AC:  3    Str: 11    XL:     6   Next: 18%
Gold:   243        EV: 12    Int: 15    God:
                   SH:  0    Dex: 13

rFire    + + .     SeeInvis .   o - +0 long sword
rCold    x . .     Faith    .   (no shield)
rNeg     . . .     Spirit   .   b - +0 leather armour
rPois    ∞         Reflect  .   (no helmet)
rElec    .         Harm     .   (no cloak)
rCorr    .         Rampage  .   (no gloves)
Will     .....                  (boots unavailable)
Stlth    +.........             (no amulet)
HPRegen  0.14/turn              (no ring)
MPRegen  0.00/turn              (no ring)

@: flying
A: sickness immunity, fire resistance 2, cold vulnerability 1, float, innate
caster, hp casting, extra vitality 1
a: no special abilities


You were on level 4 of the Dungeon.
You visited 1 branch of the dungeon, and saw 4 of its levels.

You collected 243 gold pieces.


Innate Abilities, Weirdness & Mutations

You are immune to sickness and miasma.
You are immune to poison.
Your flesh is very heat resistant. (rF++)
You are vulnerable to cold. (rC-)
You float through the air rather than walking.
You learn spells naturally, not from books.
Your magical power is your life essence.
You have superior vitality. (+4 HP)


   Skills:
 - Level 2.3 Fighting
 - Level 1.0 Armour
 - Level 3.2 Dodging
 - Level 0.7 Stealth
 + Level 3.3 Spellcasting
 - Level 3.0 Evocations


You had 8 spell levels left.
You knew the following spells:

 Your Spells              Type           Power      Damage    Failure   Level
y - Wereblood             Tmut           12%        N/A       10%         2
z - Pain                  Necr           48%        1d6       6%          1
Your spell library was empty.

Inventory:

Hand Weapons
 a - a +0 club
 j - a +0 short sword
 o - a +0 long sword (weapon)
Armour
 b - a +0 leather armour (worn)
Wands
 d - a wand of charming (15)
Scrolls
 g - a scroll of enchant armour {unknown}
 i - 2 scrolls of fear {unknown}
 k - 2 scrolls of identify {unknown}
 l - a scroll of teleportation {unknown}
 m - a scroll of magic mapping {unknown}
 n - a scroll of amnesia {unknown}
Potions
 f - 3 potions of attraction {unknown}
 h - 2 potions of brilliance {unknown}
 p - a potion of curing {unknown}
Miscellaneous
 e - a piece from Xom's chessboard (10/15)

Dungeon Overview and Level Annotations

Branches:
Dungeon (4/15)
 Temple: D:4-7

Altars:

Annotations:
D:4 Grinder

▒ ..5.5...▒.▒ ▒
▒....▒ ▒ ▒.▒ ▒▒...▒
▒ ▒.▒ ▒.▒ ▒...▒ ▒
▒.▒ ▒.▒ ▒.5.▒ ▒ ▒.▒
▒.▒ ▒...▒ ▒ ▒.▒ ▒.▒
▒...▒ ▒ ▒.▒ ▒.▒
▒)..▒ ▒ ▒.▒ ▒.▒
▒R.#▒
▒▒▒▒.▒▒▒▒▒.▒▒▒▒▒...▒
▒....<.............▒
▒▒.................▒
▒..........▒▒▒▒▒▒▒▒▒
...▒▒▒▒▒▒▒▒▒ ▒▒▒▒


You could see Grinder (fast, petrifying).


Message History

Grinder grins, showing sharp teeth.
Grinder gestures at you. You resist with some effort.
You make a move on Xom's chessboard...
Grinder struggles to resist.
Grinder barely misses you.
You make a move on Xom's chessboard...
Grinder falls asleep!
Unknown command.
The helpless Grinder fails to defend herself.
You hit Grinder.
Grinder is severely wounded.
Grinder blinks!
Grinder gestures at you. Pain shoots through your body!
* * * LOW HITPOINT WARNING * * *
Things that are here:
a +0 dagger; a goblin corpse Grinder blinks!
You make a move on Xom's chessboard...
Grinder resists with significant effort.
Grinder blinks!
Unknown command.
You make a move on Xom's chessboard...
Grinder seems to speed up.
You make a move on Xom's chessboard...
Grinder is moving more slowly.
Grinder gestures at you. Pain shoots through your body!
You die...

Action                   |  1- 3 |  4- 6 || total
-------------------------+-------+-------++-------
Melee: Club              |   114 |    30 ||   144
       Short sword       |       |    57 ||    57
       Long sword        |       |    75 ||    75
 Cast: Pain              |       |    11 ||    11
Evoke: Wand              |     1 |    14 ||    15
       Piece from Xom's  |       |     5 ||     5
 Stab: Sleeping          |       |     1 ||     1
Armor: Leather armour    |    30 |    37 ||    67
Dodge: Dodged            |    78 |   126 ||   204
       Rpst.: Long sword |       |    26 ||    26

Levels and vault maps discovered:
D:1:      dpeg_arrival_simpleton_c, layout_basic,
          hellmonk_ecumenical_altar_heavens_door, serial_glass, glass_columns_c,
          glass_columns_a
D:2:      wad_pebble_path, layout_rooms
D:3:      layout_basic
D:4:      layout_loops_ring, minmay_misc_feat_room, serial_bayou_pond_e,
          kennysheep_generic_room_2, uniq_grinder

Notes
Turn   | Place    | Note
-------+----------+-------------------------------------------
     0 | D:1      | sanka the Djinni Artificer began the quest for the Orb.
     0 | D:1      | Reached XP level 1. HP: 17/17 MP: 0/0
   315 | D:1      | Reached XP level 2. HP: 13/22 MP: 0/0
  1139 | D:1      | Found a faded altar of an unknown god.
  1660 | D:2      | Reached skill level 2 in Fighting
  1660 | D:2      | Reached skill level 3 in Dodging
  1660 | D:2      | Reached XP level 3. HP: 17/28 MP: 0/0
  1660 | D:2      | Learned a level 1 spell: Pain
  1995 | D:2      | Reached XP level 4. HP: 8/33 MP: 0/0
  2318 | D:2      | Reached skill level 1 in Spellcasting
  2356 | D:2      | HP: 2/33 [gnoll/stone (6)]
  2698 | D:1      | Reached skill level 2 in Spellcasting
  2698 | D:1      | Reached XP level 5. HP: 5/38 MP: 0/0
  2698 | D:1      | Learned a level 2 spell: Wereblood
  4906 | D:4      | Reached skill level 3 in Spellcasting
  4945 | D:4      | Reached XP level 6. HP: 38/43 MP: 0/0
  5090 | D:4      | Noticed Grinder
  5090 | D:4      | Paralysed by Grinder for 4 turns
  5109 | D:4      | HP: 3/43 [Grinder (7)]
  5114 | D:4      | HP: 1/43 [Grinder/nerve-wracking pain (2)]
  5118 | D:4      | Killed from afar by Grinder

Vanquished Creatures
  A jelly (D:2)
  An iguana (D:4)
  A hound skeleton (D:4)
  A howler monkey skeleton (D:4)
  3 gnolls
  6 adders
  A dart slug (D:2)
  An orc (D:3)
  A ball python (D:1)
  4 bats
  4 endoplasms
  2 giant cockroaches (D:3)
  5 goblins
  8 hobgoblins
  7 jackals
  A quokka (D:3)
  2 frilled lizards
  A jackal skeleton (D:4)
  2 kobolds
  6 rats
58 creatures vanquished.

Vanquished Creatures (others)
  A plant (D:4)
1 creature vanquished.

Grand Total: 59 creatures vanquished
